 Dungeon Crawl Stone Soup version 0.22.1-7-g5c428e7 (webtiles) character file.

32565 Vork the Brawler (level 13, -24/120 HPs)
             Began as a Troll Wizard on Mar 5, 2019.
             Was an Elder of Elyvilon.
             Annihilated by an ettin
             ... wielding a +1 dire flail of protection
              (43 damage)
             ... on level 1 of the Orcish Mines.
             The game lasted 01:11:33 (16679 turns).

Vork the Brawler (Troll Wizard)                    Turns: 16679, Time: 01:11:35

Health: -24/120    AC: 15    Str: 21    XL:     13   Next: 32%
Magic:  28/28      EV: 12    Int: 15    God:    Elyvilon [****..]
Gold:   859        SH:  0    Dex:  8    Spells: 14/22 levels left

rFire    . . .     SeeInvis +     - Unarmed
rCold    . . .     Gourm    +   (no shield)
rNeg     . . .     Faith    .   x - +2 troll leather armour
rPois    .         Spirit   .   h - +2 hat {SInv}
rElec    .         Reflect  .   o - +2 cloak
rCorr    .         Harm     .   (gloves unavailable)
MR       .....                  (boots unavailable)
Stlth    +.........             M - amulet of the acrobat
HPRegen  1.10/turn              O - +3 ring of evasion
MPRegen  0.21/turn              I - ring of magical power

@: very slightly contaminated
A: large, unfitting armour, claws 3, talons 1, see invisible, fast metabolism 3,
gourmand, regeneration 1, shaggy fur 1, tough skin 2, evolution 1
a: Lesser Healing, Heal Other, Purification, Greater Healing, Divine Protection,
Renounce Religion


You were on level 1 of the Orcish Mines.
You worshipped Elyvilon.
Elyvilon was greatly pleased with you.
You were completely stuffed.

You visited 4 branches of the dungeon, and saw 18 of its levels.
You visited the Abyss 1 time.
You also visited: Ossuary.

You collected 1076 gold pieces.
You spent 217 gold pieces at shops.

Inventory:

Hand Weapons
 u - the +0 trident of Exquisite Torment {flame, rC++ MR+ Dex+7}
   (You found it on level 4 of the Dungeon)

   It has been specially enchanted to burn those struck by it, causing extra
   injury to most foes and up to half again as much damage against particularly
   susceptible opponents.
   It affects your dexterity (+7).
   It greatly protects you from cold.
   It affects your resistance to hostile enchantments.
 D - a +2 trident of venom
 P - a +5 scimitar of flaming
Missiles
 E - 25 tomahawks
 L - 12 large rocks (quivered)
 N - a throwing net
Armour
 a - a +0 robe
 h - a +2 hat of see invisible (worn)
 o - a +2 cloak (worn)
 x - a +2 troll leather armour (worn)
Magical Staves
 y - an uncursed staff of power
 K - an uncursed staff of wizardry
Jewellery
 i - an uncursed amulet of magic regeneration
 A - an uncursed ring of flight
 I - a ring of magical power (right claw)
 M - an amulet of the acrobat (around neck)
 O - a +3 ring of evasion (left claw)
Wands
 v - a wand of polymorph (25)
 J - a wand of flame (14)
 R - a wand of paralysis (22)
Scrolls
 c - 3 scrolls of teleportation
 e - 4 scrolls of fog
 j - 2 scrolls of fear
 l - a scroll of amnesia
 n - 4 scrolls of remove curse
 s - 3 scrolls of magic mapping
 w - 4 scrolls of noise
 B - 2 scrolls of immolation
 G - a scroll of blinking
Potions
 b - a potion of mutation
 f - 5 potions of agility
 k - 7 potions of heal wounds
 m - 2 potions of cancellation
 p - 2 potions of might
 q - 2 potions of flight
 r - a potion of magic
 t - 4 potions of curing
 z - a potion of haste
 C - a potion of ambrosia {unknown}
 Q - a potion of invisibility {unknown}
Miscellaneous
 H - a sack of spiders
Comestibles
 d - 32 rations


   Skills:
 * Level 6.1 Fighting
 - Level 0.7 Throwing
 * Level 4.4 Armour
 - Level 1.5 Dodging
 - Level 1.0 Stealth
 + Level 15.1 Unarmed Combat
 - Level 5.0 Spellcasting
 - Level 5.0 Conjurations
 - Level 3.5 Hexes
   Level 0.6 Summonings
 - Level 3.1 Translocations
 - Level 5.2 Fire Magic
 - Level 1.4 Invocations
 - Level 0.1 Evocations


You had 14 spell levels left.
You knew the following spells:

 Your Spells              Type           Power        Failure   Level  Hunger
a - Magic Dart            Conj           ###.         2%          1    None
b - Blink                 Tloc           N/A          8%          2    ##.....
d - Apportation           Tloc           ##....       4%          1    None
e - Confusing Touch       Hex            ##....       4%          1    None
f - Conjure Flame         Conj/Fire      ###.....     7%          3    ###....

Your spell library contained the following spells:

 Spells                   Type           Power        Failure   Level  Hunger
 Slow                     Hex            ##......     7%          2    ##.....
 Throw Frost              Conj/Ice       ##....       10%         2    ##.....
 Summon Small Mammal      Summ           #...         14%         1    None
 Animate Skeleton         Necr           N/A          19%         1    None
 Freeze                   Ice            #...         19%         1    None
 Call Imp                 Summ           #.......     22%         2    ##.....
 Mephitic Cloud           Conj/Pois/Air  #.......     28%         3    ###....
 Ozocubu's Armour         Chrm/Ice       #.......     50%         3    ###....
 Throw Icicle             Conj/Ice       ##......     54%         4    ####...
 Summon Ice Beast         Ice/Summ       #.......     86%         4    ####...


Dungeon Overview and Level Annotations

Branches:
Dungeon (14/15)            Temple (1/1) D:6            Lair (1/6) D:9
    Orc (2/2) D:9
    Elf: Orc:2       Vaults: D:13-14

Altars:
Ashenzari
Cheibriados
Dithmenos
Elyvilon
Fedhas
Gozag
Hepliaklqana
Kikubaaqudgha
Makhleb
Nemelex Xobeh
Okawaru
Qazlal
Ru
Sif Muna
Trog
Uskayaw
Vehumet
Wu Jian
Xom
Yredelemnul
Zin
The Shining One

Shops:
D:4 [   D:11 *   D:13 :*%%   Orc:1 [   Orc:2 *

Annotations:
D:1 exclusion: downstairs
D:6 exclusion: downstairs
D:8 exclusion: downstairs
D:9 exclusion: downstairs
D:10 exclusion: downstairs
D:11 exclusion: downstairs
D:12 1 exclusion


Innate Abilities, Weirdness & Mutations

You are too large for most types of armour.
You have claws for hands.
Your metabolism is lightning-fast.
You like to eat raw meat.
Your natural rate of healing is unusually fast.
You are covered in fur. (AC +1)
You have very tough skin. (AC +2)
You have sharp toenails.
You have supernaturally acute eyesight. (SInv)
You evolve.


Message History

The large rock barely misses you.
The cyclops throws a large rock.
The large rock closely misses you.
The cyclops throws a large rock.
The large rock misses you.
All of the chunks of flesh in your inventory have rotted away.
Unknown command.
The ettin hits you with a dire flail of protection!!!
The ettin hits you with a dire flail!
You climb upwards.
There is a stone staircase leading down here.
You mangle the ettin!!
The ettin is moderately wounded.
You claw the ettin! Your claw misses the ettin.
The ettin is heavily wounded.
The ettin completely misses you. The ettin hits you with a dire flail!!
You scratch the ettin but do no damage. You claw the ettin, but do no damage.
The ettin is heavily wounded.
The ettin hits you with a dire flail of protection!!
* * * LOW HITPOINT WARNING * * *
The ettin hits you with a dire flail!!!
You die...

..#.....#####.....##....#
..#....>..##......#....##
..#..........###......##
..............##.....##
...###.........#....##
...####........##..##
#..##....###...#)### ###......#
#....)### ### ###....# #...C@#.##
##.# ####....###...##...# #.##
##..)#....#...##...######..####
......#.....#.#.......#.......##
..[..#...#..###..#...###.......##
........##..##........#....#....#
..##.....####..#.∩.#.....###.....
#####....##.#...........###...>..
..##...#.###.....##.......##.....


You could see an ettin.

Vanquished Creatures
  An ogre mage (D:10)
  2 hydras
  3 two-headed ogres
  Nergalle (Orc:1)
  A wretched star (Abyss:3)
  An unseen horror (D:13)
  2 orc knights (Orc:1)
  2 deep elf magi
  4 ugly things
  3 manticores
  3 cyclopes
  An eye of devastation (shapeshifter) (D:13)
  A large abomination (Abyss:3)
  An efreet (D:14)
  8 trolls
  3 meliai (D:12)
  A queen bee (D:11)
  2 hornets
  5 hippogriffs
  4 raiju (Abyss:3)
  2 small abominations (Abyss:3)
  Sigmund (D:2)
  2 wraiths
  A spriggan (D:7)
  3 wyverns
  A basilisk (D:14)
  9 yaks
  3 hungry ghosts
  2 vampire mosquitoes (D:13)
  A steam dragon (D:10)
  A chaos spawn (Abyss:3)
  A soldier ant (D:12)
  4 porcupines (D:9)
  18 orc warriors
  2 water moccasins (D:11)
  A hell hound (Abyss:3)
  5 ice beasts
  2 eyes of draining
  4 sky beasts
  3 black bears
  7 ogres
  A phantom (D:8)
  13 centaurs
  A crocodile (D:10)
  4 elf zombies (Ossuary)
  4 big kobolds
  12 bullfrogs
  A gnoll sergeant (D:7)
  2 wyvern zombies
  3 scorpions
  32 killer bees
  6 wights
  9 howler monkeys
  7 crimson imps
  6 centaur zombies
  9 hounds
  A water moccasin simulacrum (D:10)
  A centaur skeleton (D:7)
  30 orc wizards
  2 quasits
  3 human zombies (Ossuary)
  6 orc priests
  3 bullfrog skeletons
  3 jellies
  2 iguanas (D:8)
  13 worker ants
  A hound zombie (D:8)
  A hound skeleton (D:9)
  3 mummies (Ossuary)
  9 gnolls
  9 adders
  2 shadow imps
  An ooze (D:4)
  2 adder skeletons
  4 worms
  A dart slug (D:5)
  4 leopard geckos
  71 orcs
  A giant cockroach (D:8)
  6 goblins
  4 hobgoblins
  4 jackals (D:10)
  3 quokkas
  3 ball pythons
  14 bats
  4 frilled lizards
  A hobgoblin zombie (D:4)
  A jackal zombie (D:7)
  13 kobolds
  3 kobold skeletons (D:4)
  2 orc skeletons (D:4)
  2 orc zombies (D:4)
  A quokka skeleton (D:5)
  2 quokka zombies
  5 rats
  A lurking horror (Abyss:3)
474 creatures vanquished.

Vanquished Creatures (collateral kills)
  A killer bee (D:12)
1 creature vanquished.

Vanquished Creatures (others)
  An unseen horror (D:11)
  A small abomination (Abyss:3)
  36 fungi (D:9)
  6 plants (D:9)
44 creatures vanquished.

Grand Total: 519 creatures vanquished

Notes
Turn   | Place    | Note
-------+----------+-------------------------------------------
     0 | D:1      | Vork the Troll Wizard began the quest for the Orb.
     0 | D:1      | Reached XP level 1. HP: 16/16 MP: 2/2
    71 | D:1      | Reached XP level 2. HP: 25/26 MP: 4/4
    97 | D:1      | Learned a level 2 spell: Blink
   100 | D:1      | Learned a level 2 spell: Call Imp
   514 | D:1      | Reached skill level 1 in Unarmed Combat
   543 | D:1      | Reached XP level 3. HP: 32/32 MP: 5/5
  1220 | D:2      | Found a bloodstained altar of Trog.
  1410 | D:2      | Reached skill level 1 in Fighting
  1445 | D:2      | Reached skill level 1 in Translocations
  1445 | D:2      | Reached XP level 4. HP: 39/41 MP: 6/6
  1468 | D:2      | Noticed Sigmund
  1481 | D:2      | Killed Sigmund
  1481 | D:2      | Reached skill level 3 in Unarmed Combat
  1481 | D:2      | Reached XP level 5. HP: 35/48 MP: 6/8
  1847 | D:3      | Found a sacrificial altar of Ru.
  1869 | D:3      | Reached XP level 6. HP: 37/55 MP: 9/9
  1944 | D:3      | Reached skill level 4 in Unarmed Combat
  2018 | D:3      | Found a glowing silver altar of Zin.
  2289 | D:3      | Found an ancient bone altar of Kikubaaqudgha.
  2293 | D:3      | Found a blossoming altar of Fedhas.
  2435 | D:3      | Found a hide-covered altar of Uskayaw.
  2609 | D:4      | Found Oxypruur's Antique Armour Shoppe.
  2742 | D:4      | Reached skill level 5 in Unarmed Combat
  2942 | D:4      | Reached XP level 7. HP: 63/63 MP: 10/10
  3125 | D:4      | Got a dazzling trident
  3126 | D:4      | Identified the cursed +0 trident of Exquisite Torment
                  | {flame, rC++ MR+ Dex+7} (You found it on level 4 of the
                  | Dungeon)
  3197 | D:4      | Found a glowing golden altar of the Shining One.
  3347 | D:4      | Reached skill level 6 in Unarmed Combat
  3508 | D:4      | Bought a runed hat for 217 gold pieces
  3648 | D:5      | Entered Level 5 of the Dungeon
  3842 | D:5      | Found a sand-covered staircase.
  3847 | Ossuary  | Entered an ossuary
  3909 | Ossuary  | Reached skill level 7 in Unarmed Combat
  3921 | Ossuary  | Reached XP level 8. HP: 74/74 MP: 11/11
  4003 | Ossuary  | Reached skill level 8 in Unarmed Combat
  4368 | D:5      | Learned a level 1 spell: Apportation
  4370 | D:5      | Learned a level 1 spell: Confusing Touch
  4374 | D:5      | Learned a level 3 spell: Conjure Flame
  4776 | D:6      | Reached skill level 9 in Unarmed Combat
  4868 | D:6      | Found a burning altar of Makhleb.
  4934 | D:6      | Found a staircase to the Ecumenical Temple.
  4993 | D:6      | Reached XP level 9. HP: 80/80 MP: 11/13
  4998 | Temple   | Entered the Ecumenical Temple
  5077 | Temple   | Became a worshipper of Elyvilon the Healer
  5103 | D:6      | Found a stormy altar of Qazlal.
  5486 | D:7      | Found a shimmering altar of Xom.
  5738 | D:7      | Found a snail-covered altar of Cheibriados.
  5744 | D:7      | Found a shadowy altar of Dithmenos.
  5771 | D:7      | Reached skill level 1 in Hexes
  5782 | D:7      | Reached skill level 10 in Unarmed Combat
  6157 | D:7      | Reached * piety under Elyvilon
  6237 | D:7      | Found an iron altar of Okawaru.
  6505 | D:8      | Reached skill level 11 in Unarmed Combat
  6712 | D:8      | Found a shattered altar of Ashenzari.
  6762 | D:8      | Reached XP level 10. HP: 82/91 MP: 14/14
  7065 | D:8      | Reached ** piety under Elyvilon
  7360 | D:9      | Reached skill level 12 in Unarmed Combat
  7435 | D:9      | Found a staircase to the Orcish Mines.
  8352 | D:9      | Reached skill level 1 in Conjurations
  8499 | D:9      | Reached skill level 1 in Fire Magic
  8518 | D:9      | Found a staircase to the Lair.
  8693 | D:9      | Reached skill level 13 in Unarmed Combat
  8720 | D:9      | Noticed a two-headed ogre
  8958 | D:9      | Reached XP level 11. HP: 82/100 MP: 16/16
  9017 | Orc:1    | Entered Level 1 of the Orcish Mines
  9074 | Orc:1    | Reached skill level 1 in Armour
  9431 | Orc:1    | Noticed Nergalle
  9507 | D:10     | Entered Level 10 of the Dungeon
  9611 | D:10     | Got a translucent long sword
  9612 | D:10     | Identified the +9 long sword of the King {chaos, Str+2
                  | Dex+3} (You found it on level 10 of the Dungeon)
  9625 | D:10     | Noticed a two-headed ogre
  9633 | D:10     | Noticed a brown ugly thing
  9903 | D:10     | Noticed a two-headed ogre
 10050 | D:10     | Noticed an ogre mage
 10097 | D:10     | Killed an ogre mage
 10173 | D:10     | Killed a brown ugly thing
 10199 | D:10     | Killed a two-headed ogre
 10351 | D:10     | Noticed a deep elf mage
 10405 | D:10     | Killed a deep elf mage
 10410 | D:10     | Got an ichor-stained bardiche {distort}
 10478 | D:10     | Killed a two-headed ogre
 10502 | D:10     | Reached *** piety under Elyvilon
 10916 | D:11     | Reached skill level 14 in Unarmed Combat
 11024 | D:11     | Noticed an unseen horror
 11040 | D:11     | Killed an unseen horror
 12002 | D:11     | Found Paykhurgh's Serpentskin Sales.
 12023 | D:11     | Reached XP level 12. HP: 91/110 MP: 17/17
 12111 | D:12     | Reached skill level 5 in Fighting
 12343 | D:11     | Gained mutation: You evolve. [potion of mutation]
 12343 | D:11     | Gained mutation: You have sharp toenails. [potion of
                  | mutation]
 12343 | D:11     | Gained mutation: You are weak. (Str -2) [potion of
                  | mutation]
 12343 | D:11     | Gained mutation: You have supernaturally acute eyesight.
                  | (SInv) [potion of mutation]
 13468 | D:12     | Noticed a four-headed hydra
 13778 | D:12     | Lost mutation: You are weak. (Str -2) [evolution]
 13883 | D:12     | Reached **** piety under Elyvilon
 14369 | D:12     | Killed a four-headed hydra
 14453 | D:13     | Found Pibuz's Food Shop.
 14496 | D:13     | Noticed a four-headed hydra
 14506 | D:13     | Killed a four-headed hydra
 14506 | D:13     | Reached skill level 5 in Spellcasting
 14835 | D:13     | Found Rotzafil's General Store.
 14930 | D:13     | Found Donudot's Food Emporium.
 15161 | D:13     | Found Toutisis's Book Shop.
 15499 | D:14     | Cast into level 3 of the Abyss (a wizard)
 15500 | Abyss:3  | Found a corrupted altar of Lugonu.
 15547 | Abyss:3  | Reached skill level 5 in Fire Magic
 15547 | Abyss:3  | Reached XP level 13. HP: 120/120 MP: 19/19
 15566 | Abyss:3  | Reached skill level 5 in Conjurations
 15582 | Abyss:3  | Found a corrupted altar of Lugonu.
 15870 | D:14     | Escaped the Abyss
 15906 | D:14     | Reached skill level 1 in Invocations
 16035 | Lair:1   | Entered Level 1 of the Lair of Beasts
 16091 | Orc:1    | Killed Nergalle
 16256 | Orc:1    | Reached skill level 15 in Unarmed Combat
 16466 | Orc:1    | Found Cula Cobu's Armour Boutique.
 16668 | Orc:2    | Entered Level 2 of the Orcish Mines
 16668 | Orc:2    | Found Gacexoub's General Store.
 16668 | Orc:2    | Noticed an ettin
 16679 | Orc:1    | Annihilated by an ettin

Skill      XL: |  1  2  3  4  5  6  7  8  9 10 11 12 13 |
---------------+----------------------------------------+-----
Unarmed Combat | 1 3 5 7 9 11 13 14 15 | 15.1
Fighting       | 1 2 3 4 5 6 |  6.1
Translocations | 1 2 3 |  3.1
Spellcasting   | 3 4 5 |  5.0
Hexes          | 1 2 3 |  3.5
Conjurations   | 1 2 4 5 |  5.0
Fire Magic     | 1 2 5 |  5.2
Armour         | 3 4 |  4.4
Invocations    | 1 |  1.4
Throwing       | |  0.7
Dodging        | |  1.5
Stealth        | |  1.0
Summonings     | |  0.6
Evocations     | |  0.1

Action                   |  1- 3 |  4- 6 |  7- 9 | 10-12 | 13-15 || total
-------------------------+-------+-------+-------+-------+-------++-------
Melee: Unarmed           |   129 |   134 |   442 |  1023 |   186 ||  1914
       Punch             |       |     3 |    11 |    50 |    10 ||    74
       Kick              |       |       |       |    81 |    53 ||   134
Throw: Tomahawk          |       |       |       |     6 |       ||     6
 Cast: Confusing Touch   |       |       |       |    42 |    20 ||    62
       Conjure Flame     |       |       |       |     3 |     3 ||     6
Evoke: Wand              |       |       |       |     9 |       ||     9
       Sack of spiders   |       |       |       |     1 |       ||     1
  Use: Potion            |       |     2 |       |     3 |     1 ||     6
       Scroll            |       |     1 |    18 |     9 |     6 ||    34
 Stab: Sleeping          |     4 |     1 |     1 |     2 |       ||     8
       Paralysed         |       |     1 |       |       |       ||     1
       Confused          |       |       |       |    18 |    14 ||    32
       Distracted        |       |       |       |       |     1 ||     1
  Eat: Chunk             |    13 |    19 |    35 |    93 |    10 ||   170
       Ration            |       |       |       |     1 |       ||     1
Armor: Robe              |    37 |    48 |   171 |    36 |       ||   292
       Troll leather arm |       |       |       |   384 |    37 ||   421
       Skin              |       |       |       |     4 |       ||     4
Dodge: Dodged            |    42 |    62 |   177 |   427 |    83 ||   791
